 Dungeon Crawl Stone Soup version 0.30-a0-377-g5cb311bc9f (console) character file.

Game seed: 9092044518422947431

53 rlgrobin the Sneak (level 3, 0/22 HPs)
             Began as a Deep Elf Chaos Knight on Nov 29, 2022.
             Was a Plaything of Xom.
             Slain by a quokka (5 damage)
             ... on level 2 of the Dungeon.
             The game lasted 00:02:37 (1704 turns).

rlgrobin the Sneak (Deep Elf Chaos Knight)          Turns: 1704, Time: 00:02:38

Health: 0/22       AC:  5    Str:  9    XL:     3   Next: 62%
Magic:  7/7        EV: 12    Int: 18    God:    Xom [....*.]
Gold:   55         SH:  0    Dex: 14    Spells: 2/5 levels left

rFire   . . .      SeeInvis .    a - +0 short sword (chaos)
rCold   . . .      Faith    .    (no shield)
rNeg    . . .      Spirit   .    b - +2 leather armour
rPois   .          Reflect  .    (no helmet)
rElec   .          Harm     .    (no cloak)
rCorr   .          Rampage  .    (no gloves)
Will    .....                    (no boots)
Stlth   ++........               (no amulet)
HPRegen 0.23/turn                (no ring)
MPRegen 0.10/turn                (no ring)

@: no status effects
A: no striking features
a: Renounce Religion


You were on level 2 of the Dungeon.
You worshipped Xom.
You were a beloved toy of Xom.
You visited 1 branch of the dungeon, and saw 2 of its levels.

You collected 55 gold pieces.

Inventory:

Hand Weapons
 a - a +0 short sword of chaos (weapon)
 h - the +0 dagger of Invincibility {flame, rPois Will- MP+9 Str+7}
   (You found it on level 2 of the Dungeon)

   It burns those it strikes, dealing additional fire damage.
   Str:       It affects your strength (+7).
   rPois:     It protects you from poison.
   MP:        It affects your magic capacity (+9).
   Will:      It decreases your willpower.
Armour
 b - a +2 leather armour (worn)
Scrolls
 d - 2 scrolls of identify {unknown}
 g - a scroll of vulnerability {unknown}
 i - a scroll of fear {unknown}
Potions
 e - a potion of invisibility {unknown}
 f - a potion of brilliance {unknown}
Miscellaneous
 c - a piece from Xom's chessboard (15/15) (quivered)


   Skills:
 - Level 2.4 Fighting
 - Level 3.0 Short Blades
 - Level 0.7 Armour
 - Level 2.4 Dodging
 - Level 3.6 Stealth
 + Level 1.9 Spellcasting
 + Level 1.1 Hexes


You had 2 spell levels left.
You knew the following spells:

 Your Spells              Type           Power      Damage    Failure   Level
a - Tukima's Dance        Hex            5%         N/A       43%         3

Your spell library contained the following spells:

 Spells                   Type           Power      Damage    Failure   Level
 Passage of Golubria      Tloc           1%         N/A       94%         4
 Yara's Violent Unravell  Hex/Tmut       1%         3d3       99%         5


Dungeon Overview and Level Annotations

Branches:
Dungeon (2/15)

Altars:


Message History

You open the door.
There is an open door here.
You open the door.
There is an open door here.
You now have 55 gold pieces (gained 10).
A hobgoblin comes into view.
You barely miss the hobgoblin. The hobgoblin barely misses you.
You hit the hobgoblin. You drain the hobgoblin.
You kill the hobgoblin!
No target in view!
No target in view!
You open the door.
There is an open door here.
There is an open door here.
You are now a beloved toy of Xom.
You open the door.
There is an open door here.
A quokka comes into view.
The quokka bites you.
You barely miss the quokka. The quokka bites you.
You hit the quokka.
The quokka goes berserk!
Xom is amused.
The quokka is severely wounded.
The quokka closely misses you.
You hit the quokka but do no damage.
The quokka flickers and vanishes!
Deactivating autopickup; reactivate with Ctrl-A.
Xom is highly amused!
Something barely misses you. Something bites you.
There is a strange disturbance nearby!
No target in view!
You miss something. Something bites you but does no damage.
You miss something. Something bites you. Something barely misses you.
You miss something. Something bites you. x2
* * * LOW HITPOINT WARNING * * *
You closely miss something. Something bites you but does no damage.
You miss something. Something bites you.
* * * LOW HITPOINT WARNING * * *
Something bites you.
You die... "I guess I need a new plaything now."

#.#.##########
#.#...........
#.############
#.###.........
#...'.....####
##############.....#
#.........####.....#
#..................#
##.....@...#....#####
......{....#....#
...........#....# #.
...........#....# #.
...........#....#######.
...####'####............
... #.# #.....######. ..
#.# #.....#...... #.#
#.....#.#.#..


There were no monsters in sight!

Vanquished Creatures
  2 adders (D:2)
  2 ball pythons
  2 endoplasms (D:1)
  A giant cockroach (D:1)
  3 goblins
  8 hobgoblins
  3 quokkas
  3 bats (D:1)
  A frilled lizard (D:1)
  A kobold (D:1)
  4 rats
30 creatures vanquished.

Notes
Turn   | Place    | Note
-------+----------+-------------------------------------------
     0 | D:1      | rlgrobin the Deep Elf Chaos Knight began the quest for the
                  | Orb.
     0 | D:1      | Reached XP level 1. HP: 13/13 MP: 3/3
    74 | D:1      | Reached skill level 1 in Stealth
   146 | D:1      | Reached XP level 2. HP: 18/18 MP: 4/4
   191 | D:1      | XOM: silly message
   405 | D:1      | XOM: divination: magic mapping
   551 | D:1      | XOM: silly message
   726 | D:1      | XOM: divination: detect items
  1034 | D:2      | XOM: god gift: Great Wizards, Vol. VII
  1096 | D:2      | Reached skill level 1 in Spellcasting
  1096 | D:2      | Reached XP level 3. HP: 22/22 MP: 4/6
  1120 | D:2      | Learned a level 3 spell: Tukima's Dance
  1225 | D:2      | Identified the +0 dagger of Invincibility {flame, rPois
                  | Will- MP+9 Str+7}
  1416 | D:2      | Reached skill level 1 in Hexes
  1704 | D:2      | Slain by a quokka

Illustrated notes

Levels and vault maps discovered:
D:1:      scummos_arrival_checkerplants, layout_basic
D:2:      layout_basic

Skill      XL: |  1  2  3 |
---------------+----------+-----
Stealth        | 2 3 |  3.6
Spellcasting   | 1 |  1.9
Hexes          | 1 |  1.1
Fighting       | |  2.4
Short Blades   | |  3.0
Armour         | |  0.7
Dodging        | |  2.4

Action                   || total
-------------------------++-------
Melee: Short sword       ||    91
       Punch             ||     1
 Stab: Sleeping          ||     2
Armor: Leather armour    ||    25
Dodge: Dodged            ||    52

Table legend: (Time is in decaauts)
 A = Elapsed time spent in this place.
 B = Non-inter-level travel time spent in this place.
 C = Inter-level travel time spent in this place.
 D = Time resting spent in this place.
 E = Time spent auto-exploring this place.
 F = Levels seen in this place.
 G = Mean time per level.
                   A        B        C        D        E       F      G
               +--------+--------+--------+--------+--------+-----+--------+
         Total |   1690 |   1681 |      9 |     47 |   1379 |   2 |  845.0 |
       Dungeon |   1690 |   1681 |      9 |     47 |   1379 |   2 |  845.0 |
               +--------+--------+--------+--------+--------+-----+--------+

Top non-repeatable levels by time:
     D:1: 935 daAuts
     D:2: 754 daAuts
